 Dungeon Crawl Stone Soup version 0.22.1-1-ga44c0e5 (webtiles) character file.

23356 Lavandula the Severer (level 12, -9/96 HPs)
             Began as a Centaur Berserker on Nov 1, 2018.
             Was an Elder of Trog.
             Mangled by a sixfirhy (11 damage)
             ... summoned by an orc sorcerer
             ... while paralysed
             ... on level 2 of the Orcish Mines on Nov 2, 2018.
             The game lasted 00:43:33 (7866 turns).

Lavandula the Severer (Centaur Berserker)           Turns: 7866, Time: 00:43:34

Health: -9/96      AC: 12    Str: 25    XL:     12   Next: 71%
Magic:  12/12      EV:  1    Int:  6    God:    Trog [****..]
Gold:   180        SH:  0    Dex: 11    Spells: 11/11 levels left

rFire    . . .     SeeInvis .   G - +2 war axe (holy)
rCold    + + .     Gourm    .   (no shield)
rNeg     . . .     Faith    .   d - +3 ice dragon scales
rPois    .         Spirit   .   (no helmet)
rElec    .         Reflect  .   (no cloak)
rCorr    .         Harm     .   (no gloves)
MR       ++...                  (no barding)
Stlth    ..........             R - amulet of regeneration
HPRegen  1.66/turn              k - ring of protection from fire
MPRegen  0.13/turn              t - +2 ring of dexterity

@: paralysed, berserk cooldown, regenerating, slowed, drained, very quick
A: large, hooves 3, deformed body, speed 2, tough skin 3
a: Berserk, Trog's Hand, Brothers in Arms, Renounce Religion


You were on level 2 of the Orcish Mines.
You worshipped Trog.
Trog was greatly pleased with you.
You were very hungry.

You visited 2 branches of the dungeon, and saw 12 of its levels.
You visited 1 bazaar.

You collected 939 gold pieces.
You spent 759 gold pieces at shops.

Inventory:

Hand Weapons
 a - a +0 hand axe
 r - a +0 spear
 s - a +4 antimagic hand axe
 B - a +2 whip of electrocution
 G - a +2 war axe of holy wrath (weapon)
 N - a +2 battleaxe
 Q - a +1 battleaxe of flaming
Missiles
 C - a throwing net
 D - 2 javelins of returning
 L - 3 javelins (quivered)
Armour
 b - a +0 animal skin
 d - +3 ice dragon scales (worn)
 e - a +0 buckler
 q - a +0 troll leather armour
Jewellery
 k - a ring of protection from fire (left hand)
 t - a +2 ring of dexterity (right hand)
 y - an uncursed ring of flight
 R - an amulet of regeneration (around neck)
Wands
 A - a wand of acid (3)
 E - a wand of disintegration (10)
 F - a wand of iceblast (5)
 I - a wand of flame (30)
 M - a wand of enslavement (15)
 S - a wand of digging (10)
Scrolls
 h - 2 scrolls of blinking
 i - a scroll of amnesia
 l - a scroll of fear
 m - 3 scrolls of remove curse
 n - a scroll of fog
 z - a scroll of vulnerability
 O - a scroll of enchant weapon
Potions
 f - 3 potions of heal wounds
 g - 3 potions of lignification
 j - 3 potions of resistance
 o - a potion of agility {unknown}
 p - 2 potions of flight {unknown}
 u - 2 potions of ambrosia {unknown}
 v - a potion of cancellation {unknown}
 w - a potion of invisibility
 x - 7 potions of curing
 H - a potion of magic {unknown}
 J - 2 potions of brilliance {unknown}
 P - a potion of haste
Comestibles
 c - 12 rations
 K - 3 chunks of flesh


   Skills:
 - Level 6.0(5.4) Fighting
 - Level 16.0(15.2) Axes
 - Level 4.3(3.7) Armour
 + Level 6.9(6.3) Dodging


You had 11 spell levels left.
You didn't know any spells.
Your spell library contained the following spells:

 Spells                   Type           Power        Failure   Level  Hunger
 Beastly Appendage        Tmut           #.....       80%         1    ##.....
 Corona                   Hex            #......      80%         1    ##.....
 Sandblast                Erth           #.....       80%         1    ##.....
 Ensorcelled Hibernation  Hex/Ice        #.....       91%         2    ###....
 Sticks to Snakes         Tmut           #.......     91%         2    ###....
 Confuse                  Hex            #.......     99%         3    ####...
 Dazzling Spray           Conj/Hex       #.....       99%         3    ####...
 Mephitic Cloud           Conj/Pois/Air  #.......     99%         3    ####...
 Spider Form              Tmut/Pois      #.........   99%         3    ####...
 Tukima's Dance           Hex            #.......     99%         3    ####...
 Ice Form                 Ice/Tmut       #.......     100%        4    #####..
 Olgreb's Toxic Radiance  Pois           #.......     100%        4    #####..
 Petrify                  Tmut/Erth      #.......     100%        4    #####..
 Alistair's Intoxication  Tmut/Pois      #.......     100%        5    ######.
 Blade Hands              Tmut           #.........   100%        5    ######.


Dungeon Overview and Level Annotations

Branches:
Dungeon (10/15)            Temple (0/1) D:7             Orc (2/2) D:9
    Elf (0/3) Orc:2
   Lair: D:8-11

Altars:
Gozag
Sif Muna
Trog
Uskayaw
Zin
Beogh

Shops:
D:7 =   Orc:2 }![!

Portals:
Pandemonium: Orc:2

Annotations:
Orc:2 1 runed door, buskinjo2's ghost, adept DsCK


Innate Abilities, Weirdness & Mutations

You have hooves in place of feet.
Armour fits poorly on your strangely shaped body.
You cover ground very quickly.
You have extremely tough skin. (AC +3)


Message History

The bolt of negative energy hits you!
You feel drained.
* * * LOW HITPOINT WARNING * * *
You feel a strong urge to attack something.
You feel your anger nearly subside.
You are no longer berserk.
You pass out from exhaustion.
You feel yourself slow down.
The orc sorcerer casts a spell.
You feel the effects of Trog's Hand fading.
The sixfirhy hits you!
* * * LOW HITPOINT WARNING * * *
The sixfirhy shocks you!
* * * LOW HITPOINT WARNING * * *
The sixfirhy hits you.
* * * LOW HITPOINT WARNING * * *
The sixfirhy shocks you!
* * * LOW HITPOINT WARNING * * *
The sixfirhy hits you.
* * * LOW HITPOINT WARNING * * *
The sixfirhy shocks you!
You die...

*** ##.##*,**** ### *,**
##...##*,*,** ##.. ,,,*
##.....##*,,,**#... *,**
##.#...#.##*,,,*.... *,**
##....)....#**,,,#... ,,,*
##.))#)#.#...#**,,#... #.**
##...##...##...##*,.... #.###
##...##..#..##...##*.... ....##
##...##3@###..##...###... .....#
##)#)##..##∩##..##.#.###..
..#..###..)##.o##...##..##)..###.
......###.#.##..#∩.∩#,.##.#.###..
#.#....###...##))#,*,,##...###...
(..).).)###...##.o...##...##*,...
....)##).###...##...##...##*,,*#.
....)###..###...##.##)..##*,,*##.
#..)..###..###)..###...##*,,*##..


You could see a sixfirhy and an orc sorcerer.

Vanquished Creatures
  An orc warlord (Orc:1)
  2 two-headed ogres
  2 orc high priests (Orc:2)
  2 soul eaters (Orc:2)
  A gelid demonspawn (Orc:2)
  An infernal demonspawn (Orc:2)
  4 orc knights (Orc:2)
  10 orc sorcerers
  A cyclops (Orc:1)
  2 rust devils (Orc:2)
  An ice devil (Orc:2)
  3 trolls (Orc:1)
  Grinder (D:5)
  Prince Ribbit (D:9)
  Sigmund (D:6)
  6 yaks (D:9)
  Eustachio (D:6)
  A wyvern (D:9)
  A hungry ghost (D:9)
  7 wargs
  2 sky beasts (D:8)
  3 black bears
  2 phantoms (D:6)
  13 ogres
  26 orc warriors
  An eye of draining (D:9)
  3 centaurs
  6 wolves (Orc:2)
  2 bullfrogs (D:9)
  A gnoll sergeant (Orc:2)
  2 scorpions
  6 killer bees (D:9)
  A howler monkey (D:6)
  2 crimson imps (D:5)
  A jelly (D:8)
  5 hounds
  19 orc priests
  15 orc wizards
  A bullfrog skeleton (D:4)
  A centaur skeleton (D:4)
  6 worker ants
  2 iguanas
  A hound zombie (D:9)
  2 hound skeletons
  A worker ant zombie (D:8)
  3 gnolls (Orc:2)
  2 adders
  3 worms
  A leopard gecko (D:2)
  50 orcs
  2 ball pythons (D:4)
  3 giant cockroaches
  3 goblins
  A hobgoblin (D:1)
  7 jackals
  3 quokkas
  3 bats
  A frilled lizard (D:4)
  2 kobolds
  A leopard gecko skeleton (D:4)
  2 quokka skeletons
  A rat (D:2)
261 creatures vanquished.

Vanquished Creatures (collateral kills)
  An orc sorcerer (Orc:2)
  A gnoll (Orc:2)
  2 orcs (Orc:2)
4 creatures vanquished.

Grand Total: 265 creatures vanquished

Notes
Turn   | Place    | Note
-------+----------+-------------------------------------------
     0 | D:1      | Lavandula the Centaur Berserker began the quest for the
                  | Orb.
     0 | D:1      | Reached XP level 1. HP: 19/19 MP: 1/1
   162 | D:1      | Reached skill level 3 in Axes
   217 | D:1      | Reached XP level 2. HP: 23/26 MP: 2/2
   539 | D:3      | Reached skill level 4 in Axes
   539 | D:3      | Reached XP level 3. HP: 30/31 MP: 3/3
   779 | D:4      | Reached XP level 4. HP: 33/38 MP: 4/4
   868 | D:4      | Noticed an ogre
   879 | D:4      | Killed an ogre
   879 | D:4      | Reached skill level 5 in Axes
   879 | D:4      | Reached XP level 5. HP: 6/45 MP: 5/5
   939 | D:4      | Reached ** piety under Trog
  1031 | D:5      | Entered Level 5 of the Dungeon
  1031 | D:5      | Noticed an ogre
  1121 | D:5      | Reached skill level 6 in Axes
  1124 | D:5      | Noticed Grinder
  1492 | D:4      | Reached XP level 6. HP: 38/51 MP: 6/6
  1943 | D:5      | Reached skill level 7 in Axes
  1948 | D:5      | Killed Grinder
  1948 | D:5      | Reached XP level 7. HP: 57/57 MP: 7/7
  1966 | D:5      | Identified Sif Muna's Grimoire of Toxins and the Mountains
  1996 | D:6      | Reached skill level 8 in Axes
  2012 | D:6      | Noticed Sigmund
  2391 | D:6      | Killed Sigmund
  2391 | D:6      | Reached XP level 8. HP: 54/63 MP: 8/8
  2455 | D:6      | Noticed Eustachio
  2487 | D:6      | Killed Eustachio
  2712 | D:6      | Reached skill level 9 in Axes
  2913 | D:7      | Found a staircase to the Ecumenical Temple.
  2986 | D:7      | Found an opulent altar of Gozag.
  3181 | D:7      | Found a glowing silver altar of Zin.
  3248 | D:7      | Found Meastrurgh's Jewellery Emporium.
  3428 | D:7      | Found a hide-covered altar of Uskayaw.
  3530 | D:9      | Reached skill level 10 in Axes
  3530 | D:9      | Reached XP level 9. HP: 69/69 MP: 9/9
  3537 | D:9      | Reached *** piety under Trog
  3537 | D:9      | Reached skill level 11 in Axes
  3814 | D:8      | Found a deep blue altar of Sif Muna.
  3865 | D:9      | Reached skill level 12 in Axes
  4294 | D:10     | Entered Level 10 of the Dungeon
  4332 | D:9      | Found a bloodstained altar of Trog.
  4338 | D:9      | Noticed Prince Ribbit
  4348 | D:9      | Killed Prince Ribbit
  4348 | D:9      | Reached XP level 10. HP: 46/77 MP: 10/10
  4628 | D:9      | Noticed a two-headed ogre
  4726 | D:9      | Killed a two-headed ogre
  4726 | D:9      | Reached skill level 5 in Fighting
  4830 | D:9      | Found a staircase to the Orcish Mines.
  4838 | D:9      | Found a roughly hewn altar of Beogh.
  4857 | D:9      | Reached **** piety under Trog
  5027 | Orc:1    | Entered Level 1 of the Orcish Mines
  5045 | Orc:1    | Reached skill level 13 in Axes
  5107 | Orc:1    | Noticed an orc sorcerer
  5112 | Orc:1    | Noticed an orange demon
  5216 | D:7      | Bought an uncursed amulet of regeneration for 420 gold
                  | pieces
  5383 | Orc:1    | Noticed a sun demon
  5389 | Orc:1    | Killed an orc sorcerer
  5451 | Orc:1    | Found a roughly hewn altar of Beogh.
  5710 | Orc:2    | Entered Level 2 of the Orcish Mines
  5710 | Orc:2    | Noticed a two-headed ogre
  5729 | Orc:1    | Killed a two-headed ogre
  5729 | Orc:1    | Reached XP level 11. HP: 41/86 MP: 11/11
  5804 | Orc:2    | Found a staircase to the Elven Halls.
  5806 | Orc:2    | Reached skill level 14 in Axes
  5807 | Orc:2    | Noticed an orc sorcerer
  5809 | Orc:2    | Noticed a sun demon
  5853 | Orc:2    | Noticed a sun demon
  5985 | Orc:2    | Found a flickering gateway to a bazaar.
  6015 | Bazaar   | Entered a bazaar
  6036 | Bazaar   | Found Teiwni's Magic Scroll Emporium.
  6043 | Bazaar   | Found Zogo Hifosm's Distillery.
  6048 | Bazaar   | Found Daaqooc's Jewellery Emporium.
  6055 | Bazaar   | Found Nen Jem's Food Boutique.
  6085 | Bazaar   | Bought a scroll of noise for 6 gold pieces
  6086 | Bazaar   | Bought a scroll of fear for 21 gold pieces
  6086 | Bazaar   | Bought a scroll of summoning for 57 gold pieces
  6086 | Bazaar   | Bought a scroll of enchant armour for 45 gold pieces
  6086 | Bazaar   | Bought a scroll of identify for 12 gold pieces
  6095 | Bazaar   | Bought a potion of invisibility for 88 gold pieces
  6095 | Bazaar   | Bought 2 potions of curing for 66 gold pieces
  6095 | Bazaar   | Bought a potion of lignification for 33 gold pieces
  6383 | Orc:2    | Found a runed door.
  6402 | Orc:2    | Noticed buskinjo2's ghost (adept DsCK)
  6404 | Orc:2    | Noticed an orc sorcerer
  6409 | Orc:2    | Noticed an orc warlord
  6439 | Orc:2    | Killed an orc sorcerer
  6637 | Orc:1    | Killed an orc warlord
  6637 | Orc:1    | Reached skill level 15 in Axes
  6677 | Orc:1    | Reached ***** piety under Trog
  6732 | Orc:2    | Killed an orc sorcerer
  6867 | Orc:2    | Received a gift from Trog
  6934 | Orc:2    | Noticed an orc knight
  6961 | Orc:2    | Killed an orc knight
  7048 | Orc:2    | Found Suffiunk's Distillery.
  7051 | Orc:2    | Found Suralec's Distillery.
  7206 | Orc:2    | Bought a potion of degeneration for 11 gold pieces
  7229 | Orc:2    | Noticed an orc sorcerer
  7236 | Orc:2    | Noticed an orc knight
  7258 | Orc:2    | Killed an orc sorcerer
  7258 | Orc:2    | Reached skill level 16 in Axes
  7266 | Orc:2    | Killed an orc knight
  7266 | Orc:2    | Reached XP level 12. HP: 94/94 MP: 12/12
  7353 | Orc:2    | Received a gift from Trog
  7617 | Orc:2    | Noticed an orc high priest
  7630 | Orc:2    | Killed an orc high priest
  7706 | Orc:2    | Reached skill level 5 in Dodging
  7741 | Orc:2    | Noticed an orc high priest
  7748 | Orc:2    | Killed an orc high priest
  7856 | Orc:2    | Found Wikhuon's Gadget Shoppe.
  7856 | Orc:2    | Found Tatuoh's Antique Armour Emporium.
  7856 | Orc:2    | Found a one-way gate leading to the halls of Pandemonium.
  7866 | Orc:2    | HP: 3/96 [sixfirhy[an orc sorcerer] (9)]
  7866 | Orc:2    | Mangled by a sixfirhy

Skill      XL: |  1  2  3  4  5  6  7  8  9 10 11 12 |
---------------+-------------------------------------+-----
Axes           | 3 4 5 6 7 8 10 12 13 16 | 16.0
Armour         | 3 4 |  4.3
Fighting       | 5 6 |  6.0
Dodging        | 6 |  6.9

Action                   |  1- 3 |  4- 6 |  7- 9 | 10-12 || total
-------------------------+-------+-------+-------+-------++-------
Melee: Hand axe          |    56 |    54 |    97 |       ||   207
       Kick              |    10 |    14 |    47 |   128 ||   199
       Spear             |       |    46 |    19 |    27 ||    92
       Whip              |       |       |    11 |       ||    11
       War axe           |       |       |    72 |   437 ||   509
Throw: Javelin           |       |    10 |     9 |    41 ||    60
       Throwing net      |       |       |       |     1 ||     1
Invok: Berserk           |     1 |     2 |     9 |    27 ||    39
       Trog's Hand       |       |     1 |     3 |    14 ||    18
       Brothers in Arms  |       |       |       |     2 ||     2
Evoke: Wand              |       |       |       |    20 ||    20
  Use: Scroll            |       |       |     2 |    12 ||    14
       Potion            |       |       |     1 |       ||     1
 Stab: Paralysed         |       |       |       |    12 ||    12
  Eat: Chunk             |       |     3 |    14 |    39 ||    56
       Ration            |       |       |     1 |     1 ||     2
Armor: Ice dragon scales |    21 |    21 |    89 |   111 ||   242
Dodge: Dodged            |    19 |    16 |    60 |   115 ||   210
